[Event "Titled Tuesday Blitz May 03 Late 2022"]
[White "Mekhane, Adam"]
[Black "Mirzoev, Azer"]
[WhiteFideId "36050601"]
[BlackFideId "13400304"]
[WhiteElo "2002"]
[BlackElo "2525"]
[Result "1-0"]
[Round "03"]
[TimeControl "180+1"]
[Date "2022.05.03"]
[WhiteClock "0:00:13"]
[BlackClock "0:00:09"]

1. e4 c5 2. Nf3 d6 3. d4 cxd4 4. Nxd4 Nf6 5. Nc3 a6 6. b3 b5 7. Bb2 Bb7 8. Qe2 e6 9. O-O-O Nbd7 10. f4 b4 11. Nd5 Qa5 12. Nxf6+ Nxf6 13. e5 dxe5 14. fxe5 Nd5 15. Qg4 h5 16. Qh3 Be7 17. Nxe6 fxe6 18. Qxe6 Qb6 19. Qf5 Ne3 20. Qd7+ Kf8 21. Bc4 Nxd1 22. Qf5+ Bf6 23. exf6 Nxb2 24. Qd7 Qxf6 25. Rf1 Nxc4 26. Rxf6+ gxf6 27. Qxb7 Rd8 28. bxc4 a5 29. Qc7 Re8 30. Qd7 Re7 31. Qd8+ Kg7 32. Qxe7+ 1-0


[Site "https://www.chess.com"]

[Event "Titled Tuesday Blitz May 03 Late 2022"]
[White "Melaugh, Shane"]
[Black "Suder, Jakub"]
[WhiteFideId "2509580"]
[BlackFideId "1195310"]
[WhiteElo "1972"]
[BlackElo "2058"]
[Result "0-1"]
[Round "03"]
[TimeControl "180+1"]
[Date "2022.05.03"]
[WhiteClock "0:00:05"]
[BlackClock "0:00:21"]

1. e4 c5 2. c4 Nc6 3. Nc3 e6 4. g3 Nge7 5. Bg2 g6 6. Nge2 Bg7 7. O-O O-O 8. d3 d6 9. a3 a6 10. Rb1 Rb8 11. b4 cxb4 12. axb4 b5 13. cxb5 axb5 14. d4 e5 15. d5 Nd4 16. Be3 Qb6 17. Qd3 Bd7 18. Rfd1 Nxe2+ 19. Nxe2 Qb7 20. Ra1 f5 21. Ra7 Qc8 22. Rc1 Qe8 23. Rcc7 Rd8 24. Bb6 Nc8 25. Rab7 Nxb6 26. Rxb6 f4 27. Rxd6 Qe7 28. Ra6 Qxb4 29. Raa7 Qe1+ 30. Bf1 fxg3 31. Qxg3 Rf7 32. Rc1 Qd2 33. Rac7 b4 34. R1c2 Qd1 35. Rc1 Qa4 36. Qg5 Bf6 37. Qd2 b3 38. Ng3 Rdf8 39. R7c4 Qa7 40. Rc7 Qa4 41. R7c4 Qa3 42. R4c3 Bd8 43. Qe3 Ba4 44. Bc4 Qb4 45. d6 b2 46. Bxf7+ Rxf7 47. Rb1 Bb6 48. Rc8+ Kg7 49. Qg5 Bxf2+ 50. Kh1 Bxg3 51. hxg3 Qxe4+ 52. Kh2 Qxb1 53. Qd8 Qc2+ 54. Kh3 Qxc8+ 55. Qxc8 Bd7+ 56. Qxd7 Rxd7 0-1


[Site "https://www.chess.com"]

[Event "Titled Tuesday Blitz May 03 Late 2022"]
[White "Migot, Tangi"]
[Black "Melikyan, Gnel"]
[WhiteFideId "662445"]
[BlackFideId "54109990"]
[WhiteElo "2505"]
[BlackElo "1772"]
[Result "0-1"]
[Round "03"]
[TimeControl "180+1"]
[Date "2022.05.03"]
[WhiteClock "0:00:10"]
[BlackClock "0:01:08"]

1. Nf3 Nf6 2. g3 b6 3. Bg2 Bb7 4. O-O e6 5. c4 Be7 6. d3 O-O 7. b3 c5 8. Bb2 d5 9. Nbd2 Nbd7 10. cxd5 Nxd5 11. a3 Bf6 12. Qc2 Bxb2 13. Qxb2 Qf6 14. Qxf6 N7xf6 15. Rfc1 Rfd8 16. Ne5 Rac8 17. Ndc4 Ba8 18. h3 h6 19. Bf3 Kf8 20. Rc2 Ne8 21. Rac1 Nec7 22. d4 Nb5 23. dxc5 Rxc5 24. Nd3 Rc7 25. e3 Rdc8 26. a4 Nd6 27. Na3 Rxc2 28. Rxc2 Rxc2 29. Nxc2 Bb7 30. Bxd5 Bxd5 31. Nd4 Ke7 32. Nb4 Kd7 33. Nxd5 exd5 34. Kf1 Ne4 35. Ke2 g6 36. g4 Kd6 37. f3 Nc5 38. h4 a6 39. Kd2 Ke5 40. Kc3 Nd7 41. a5 bxa5 42. Nc6+ Kd6 43. Nxa5 Ne5 44. f4 Nxg4 45. b4 Nxe3 46. Nb3 Nf5 47. Nc5 Nxh4 48. Nxa6 Ng2 49. f5 gxf5 50. Kd4 Nf4 51. Nc5 Ne6+ 52. Nxe6 fxe6 53. b5 e5+ 0-1


[Site "https://www.chess.com"]

[Event "Titled Tuesday Blitz May 03 Late 2022"]
[White "Milanovic, Marko"]
[Black "Mikhalsky, Vladimir"]
[WhiteFideId "980129"]
[BlackFideId "14144352"]
[WhiteElo "2159"]
[BlackElo "2301"]
[Result "1-0"]
[Round "03"]
[TimeControl "180+1"]
[Date "2022.05.03"]
[WhiteClock "0:00:33"]
[BlackClock "0:00:18"]

1. d4 Nf6 2. Bf4 g6 3. Nf3 Bg7 4. e3 O-O 5. Be2 d6 6. O-O Nfd7 7. h3 e5 8. Bg5 Qe8 9. Nc3 c6 10. a4 a5 11. dxe5 dxe5 12. Qd6 Na6 13. Be7 Nb4 14. Bxf8 Bxf8 15. Qd2 Nc5 16. Bc4 h6 17. e4 Be6 18. Nxe5 Bxc4 19. Nxc4 Nxe4 20. Qe3 Nxc3 21. Qxc3 Bg7 22. Qb3 Qe6 23. Rfe1 Qd5 24. Rad1 Qc5 25. Rd7 b5 26. Ne5 Nd5 27. axb5 Rb8 28. Nxc6 Rxb5 29. Qxd5 1-0


[Site "https://www.chess.com"]

[Event "Titled Tuesday Blitz May 03 Late 2022"]
[White "Mirza, Diana"]
[Black "Diaz, Fernando"]
[WhiteFideId "2503999"]
[BlackFideId "3701255"]
[WhiteElo "1813"]
[BlackElo "1934"]
[Result "0-1"]
[Round "03"]
[TimeControl "180+1"]
[Date "2022.05.03"]
[WhiteClock "0:01:56"]
[BlackClock "0:02:37"]

1. e4 e6 2. d3 d5 3. Nd2 Nf6 4. Ngf3 Bc5 5. g3 dxe4 6. dxe4 Ng4 7. Nd4 Nxf2 8. Kxf2 Qxd4+ 9. Kg2 Qf2+ 10. Kh3 e5+ 11. g4 h5 12. Be2 hxg4# 0-1


[Site "https://www.chess.com"]

[Event "Titled Tuesday Blitz May 03 Late 2022"]
[White "Mohammadian, Mohammad"]
[Black "Fiorito, Fabian"]
[WhiteFideId "12566055"]
[BlackFideId "100200"]
[WhiteElo "1544"]
[BlackElo "2395"]
[Result "0-1"]
[Round "03"]
[TimeControl "180+1"]
[Date "2022.05.03"]
[WhiteClock "0:00:09"]
[BlackClock "0:00:50"]

1. e4 c5 2. Nf3 Nc6 3. d4 cxd4 4. Nxd4 g6 5. Nc3 Bg7 6. Be3 Nf6 7. Be2 O-O 8. Qd2 d5 9. exd5 Nxd5 10. Nxc6 bxc6 11. Nxd5 cxd5 12. c3 Bb7 13. Bh6 e5 14. Bxg7 Kxg7 15. O-O Qd6 16. Rad1 Rae8 17. f3 f6 18. Kh1 h5 19. Qc2 Qe6 20. Qb3 Re7 21. Qb4 Bc6 22. c4 d4 23. b3 h4 24. c5 h3 25. g3 Rc8 26. Bc4 Qg4 27. Be2 Qf5 28. Qd2 e4 29. fxe4 Qxe4+ 30. Bf3 Qxf3+ 31. Rxf3 Bxf3+ 32. Kg1 Bxd1 33. Qxd1 Rxc5 34. Qxd4 Rc1+ 35. Kf2 Rc2+ 36. Kf3 Rxa2 37. Qc4 Rxh2 38. b4 Rhe2 39. b5 h2 40. Qh4 R7e3+ 41. Kf4 g5+ 42. Qxg5+ fxg5+ 43. Kxg5 h1=Q 44. b6 Qh6+ 45. Kg4 Re4+ 0-1


[Site "https://www.chess.com"]

[Event "Titled Tuesday Blitz May 03 Late 2022"]
[White "Nakamura, Hikaru"]
[Black "Lashkin, Jegor"]
[WhiteFideId "2016192"]
[BlackFideId "13907808"]
[WhiteElo "2850"]
[BlackElo "2368"]
[Result "1-0"]
[Round "03"]
[TimeControl "180+1"]
[Date "2022.05.03"]
[WhiteClock "0:00:42"]
[BlackClock "0:00:05"]

1. Nf3 d5 2. b3 Nf6 3. g3 c5 4. Bb2 Nc6 5. d4 e6 6. Bg2 Be7 7. e3 O-O 8. O-O b6 9. c4 Bb7 10. cxd5 Nxd5 11. dxc5 Bxc5 12. Qe2 Qe7 13. a3 a5 14. Rc1 Rfd8 15. Nbd2 Ba6 16. Qe1 Rac8 17. Ne4 h6 18. Nxc5 bxc5 19. Nd2 Rb8 20. Ra2 Rdc8 21. Ba1 Bd3 22. Bf1 Bxf1 23. Qxf1 Nf6 24. Rac2 Nd7 25. Qe2 Rb6 26. Bc3 Ra8 27. Qg4 Qg5 28. Qa4 Qd5 29. Nc4 Rb7 30. Rd2 Qf3 31. Nd6 Rbb8 32. Qe4 Qxe4 33. Nxe4 Ra7 34. Rcd1 f5 35. Rxd7 fxe4 36. Rxa7 Nxa7 37. Rd7 Rxb3 38. Rxg7+ Kf8 39. Rxa7 Rxc3 40. Rxa5 Ke7 41. a4 Kd6 42. Ra8 Ra3 43. g4 Kc7 44. Ra6 Kd7 45. Ra7+ Kc6 46. Ra8 Kd7 47. Kf1 c4 48. Ke1 Ra2 49. a5 c3 50. Kd1 Rxf2 51. a6 Ra2 52. a7 Kc7 53. Rh8 Rxa7 54. Rh7+ Kb6 55. Rxa7 Kxa7 56. h4 Kb6 57. g5 hxg5 58. hxg5 Kc5 59. g6 Kc4 60. Kc2 1-0


[Site "https://www.chess.com"]

[Event "Titled Tuesday Blitz May 03 Late 2022"]
[White "Narayanan.S.L"]
[Black "Yaran, Siar"]
[WhiteFideId "5058422"]
[BlackFideId "6323006"]
[WhiteElo "2494"]
[BlackElo "1977"]
[Result "1-0"]
[Round "03"]
[TimeControl "180+1"]
[Date "2022.05.03"]
[WhiteClock "0:01:12"]
[BlackClock "0:00:01"]

1. Nf3 Nf6 2. c4 e6 3. Nc3 d5 4. d4 Be7 5. g4 c5 6. g5 Ne4 7. cxd5 exd5 8. h4 Nc6 9. Bg2 Bg4 10. dxc5 Bxc5 11. O-O Nxc3 12. bxc3 h6 13. Qa4 Bxf3 14. exf3 hxg5 15. Re1+ Kf8 16. Bxg5 Qb6 17. Qc2 f6 18. Bf4 Rxh4 19. Bg3 Rh6 20. Rab1 Qa6 21. Qb3 Rd8 22. Qxb7 Qxb7 23. Rxb7 Bd6 24. f4 g5 25. Re6 gxf4 26. Bxf4 Bxf4 27. Rxc6 Be5 28. Rc5 d4 29. cxd4 Bxd4 30. Rcc7 Rg6 31. Kf1 Bb6 32. Rf7+ Kg8 33. Be4 Rh6 34. Bh7+ Kh8 35. Bf5 Rh5 36. Rxf6 Kg8 37. Bg6 Re5 38. Bf7+ Kg7 39. Rf3 Kh6 40. Bb3 Rd2 41. Rh3+ Kg5 42. Rg3+ Kf6 43. Rf7# 1-0


[Site "https://www.chess.com"]

[Event "Titled Tuesday Blitz May 03 Late 2022"]
[White "Ohanyan, Emin"]
[Black "Drygalov, Sergey"]
[WhiteFideId "13312022"]
[BlackFideId "24171743"]
[WhiteElo "1927"]
[BlackElo "2514"]
[Result "1-0"]
[Round "03"]
[TimeControl "180+1"]
[Date "2022.05.03"]
[WhiteClock "0:00:23"]
[BlackClock "0:00:12"]

1. e4 e5 2. Nc3 Nf6 3. Bc4 Bc5 4. d3 d6 5. f4 Ng4 6. f5 Nf2 7. Qh5 g6 8. Qh6 Nxh1 9. Bg5 Qd7 10. Nd5 Qa4 11. Qg7 Qa5+ 12. c3 Rf8 13. Nf6+ Ke7 14. Nxh7+ Kd7 15. Nxf8+ Kc6 16. b4 Bxb4 17. cxb4 Qxb4+ 18. Bd2 Qc5 19. Nh3 b5 20. Bd5+ Kb6 21. Bxa8 Qd4 22. Rc1 Qxd3 23. Qh6 c5 24. Qe3 Qd4 25. Qxd4 exd4 26. fxg6 fxg6 27. Nxg6 Nd7 28. Nf2 Nxf2 29. Kxf2 Nf6 30. Bd5 Ng4+ 31. Kg3 c4 32. Bb4 a5 33. Bxd6 c3 34. Ne5 Nf6 35. Nd3 b4 36. Be5 Nxd5 37. exd5 Ba6 38. Bxd4+ Kb5 39. Nxb4 axb4 40. Bxc3 bxc3 41. Rxc3 Bb7 42. d6 Bc6 43. Rxc6 Kxc6 44. a4 Kxd6 45. a5 Kc6 46. h4 Kb5 47. h5 Kxa5 48. h6 Kb4 49. h7 Ka3 50. h8=Q Ka2 51. Qf6 Kb1 52. Qf3 Ka2 53. Kf4 Ka1 54. Qf2 Kb1 55. Qd2 Ka1 56. g4 Kb1 57. g5 Ka1 58. g6 Kb1 59. g7 Ka1 60. g8=Q Kb1 61. Qga2# 1-0


[Site "https://www.chess.com"]

[Event "Titled Tuesday Blitz May 03 Late 2022"]
[White "Ovezdurdyyeva, Jemal"]
[Black "Sanchez, Robert"]
[WhiteFideId "14001888"]
[BlackFideId "2034360"]
[WhiteElo "1946"]
[BlackElo "2428"]
[Result "0-1"]
[Round "03"]
[TimeControl "180+1"]
[Date "2022.05.03"]
[WhiteClock "0:01:00"]
[BlackClock "0:01:03"]

1. e4 e6 2. d4 d5 3. Nd2 Nf6 4. e5 Nfd7 5. f4 c5 6. c3 Nc6 7. Ngf3 a5 8. a4 cxd4 9. cxd4 Bb4 10. Kf2 Qb6 11. Nb3 f6 12. Be3 O-O 13. Bd3 fxe5 14. dxe5 Nc5 15. Bc2 Rxf4 16. Bxf4 Ne4+ 17. Ke2 Qf2+ 18. Kd3 b6 19. Nfd4 Nxd4 20. Nxd4 Nc5# 0-1


[Site "https://www.chess.com"]

[Event "Titled Tuesday Blitz May 03 Late 2022"]
[White "Pakleza, Zbigniew"]
[Black "Vusatiuk, Vladimir"]
[WhiteFideId "1119290"]
[BlackFideId "14118610"]
[WhiteElo "2467"]
[BlackElo "2157"]
[Result "0-1"]
[Round "03"]
[TimeControl "180+1"]
[Date "2022.05.03"]
[WhiteClock "0:00:06"]
[BlackClock "0:00:08"]

1. d4 Nf6 2. Nf3 e6 3. Bf4 d5 4. e3 Bd6 5. Bg3 O-O 6. Nbd2 c5 7. c3 Qc7 8. Ne5 Nfd7 9. f4 f6 10. Nxd7 Nxd7 11. Nf3 b6 12. Bd3 Bb7 13. Qc2 g6 14. O-O e5 15. fxe5 fxe5 16. Bxg6 e4 17. Bxh7+ Kxh7 18. Ng5+ Kg6 19. Ne6 Qc6 20. Nxf8+ Rxf8 21. Qe2 Nf6 22. Be5 Bc8 23. Bxf6 Rxf6 24. Rxf6+ Kxf6 25. Qh5 Ke7 26. Rf1 Be6 27. Qh7+ Kd8 28. Qxa7 cxd4 29. cxd4 Qb5 30. Qa8+ Kd7 31. Qa7+ Kd8 32. b3 Bxh2+ 33. Kxh2 Qxf1 34. Qxb6+ Ke7 35. Qc7+ Kf6 36. Qf4+ Qxf4+ 37. exf4 e3 38. Kg1 Kf5 39. g3 Kg4 40. a4 Kf3 41. Kf1 Bd7 42. a5 Kxg3 43. Ke1 Kxf4 44. a6 Bc6 45. b4 Ke4 46. a7 Bb7 47. b5 Kxd4 48. b6 Kc5 49. Ke2 d4 50. Kd3 Kxb6 51. Kc2 Kxa7 0-1


[Site "https://www.chess.com"]

[Event "Titled Tuesday Blitz May 03 Late 2022"]
[White "Papasimakopoulos, Alexandros"]
[Black "Sarana, Alexey"]
[WhiteFideId "4244125"]
[BlackFideId "24133795"]
[WhiteElo "2340"]
[BlackElo "2666"]
[Result "0-1"]
[Round "03"]
[TimeControl "180+1"]
[Date "2022.05.03"]
[WhiteClock "0:00:52"]
[BlackClock "0:00:30"]

1. d4 Nf6 2. c4 e6 3. Nc3 Bb4 4. Qc2 d5 5. cxd5 exd5 6. Bg5 h6 7. Bh4 Nc6 8. e3 g5 9. Bg3 h5 10. Bb5 h4 11. Be5 O-O 12. Bxc6 bxc6 13. h3 Ne4 14. Ne2 Bf5 15. Qa4 c5 16. O-O f6 17. Bh2 Bxc3 18. Nxc3 c4 19. Qc6 Nxc3 20. bxc3 Qd7 21. Qxd7 Bxd7 22. Bxc7 Rfc8 23. Bd6 Rc6 24. Bc5 Bf5 25. f3 Bd3 26. Rf2 Re6 27. Re1 Rae8 28. e4 dxe4 29. fxe4 Bxe4 30. Bxa7 Kf7 31. Bc5 Bc6 32. Rxe6 Rxe6 33. Kf1 Kg6 34. Ba7 Be4 35. Rd2 Bd5 36. Bc5 Re3 37. Bb4 f5 38. a4 g4 39. hxg4 fxg4 40. a5 g3 41. a6 Re6 42. Ra2 Be4 43. Ke1 Bxg2+ 44. Kd2 h3 45. a7 h2 46. a8=Q Bxa8 47. Rxa8 h1=Q 48. Rg8+ Kf5 49. Rxg3 Qe1+ 50. Kc2 Re2# 0-1


[Site "https://www.chess.com"]

[Event "Titled Tuesday Blitz May 03 Late 2022"]
[White "Paravyan, David"]
[Black "Vypkhaniuk, Ihor"]
[WhiteFideId "4194985"]
[BlackFideId "14112256"]
[WhiteElo "2569"]
[BlackElo "2346"]
[Result "1/2-1/2"]
[Round "03"]
[TimeControl "180+1"]
[Date "2022.05.03"]
[WhiteClock "0:00:12"]
[BlackClock "0:00:22"]

1. e4 d5 2. exd5 Nf6 3. d4 Bg4 4. f3 Bf5 5. g4 Bg6 6. c4 e6 7. Nc3 exd5 8. g5 Nh5 9. Nxd5 Bd6 10. c5 Bxh2 11. Qe2+ Kf8 12. Qxh2 Qxd5 13. Qxc7 Nc6 14. Ne2 Nxd4 15. Nxd4 Qxd4 16. Qd6+ Qxd6 17. cxd6 Ng3 18. Rh4 Nxf1 19. Kxf1 Ke8 20. Rb4 Kd7 21. Bf4 b5 22. Rc1 Rac8 23. Rc3 Rxc3 24. bxc3 f6 25. gxf6 gxf6 26. Ke2 a6 27. a4 Rb8 28. c4 Bf7 29. axb5 axb5 30. cxb5 Rxb5 31. Ra4 Rb7 32. Kf2 Bd5 33. Ra5 Ke6 34. Ra3 Rd7 35. Kg3 Rg7+ 36. Kf2 Rd7 37. Re3+ Kf5 38. Bg3 Rb7 39. Kg2 Rb2+ 40. Kg1 Rb7 41. Rd3 Bc6 42. Rc3 Bd5 43. Kf2 Ke6 44. Re3+ Kf5 45. Rd3 Ke6 46. Bf4 Rb2+ 47. Kg3 Rb7 48. Re3+ Kf5 49. Rd3 Rg7+ 50. Kf2 Kxf4 51. Rxd5 Rd7 52. Kg2 h5 53. Kf2 h4 54. Kg2 h3+ 55. Kxh3 Kxf3 56. Kh2 Ke4 57. Rd1 Ke5 58. Kg3 Rxd6 59. Rxd6 Kxd6 60. Kf4 Ke6 61. Ke4 f5+ 62. Kf4 Kf6 63. Kf3 Ke5 64. Ke3 f4+ 65. Kf3 Kf5 66. Kf2 Ke4 67. Ke2 f3+ 68. Kf2 Kf4 69. Kf1 Ke3 70. Ke1 f2+ 71. Kf1 Kf3 1/2-1/2


[Site "https://www.chess.com"]

[Event "Titled Tuesday Blitz May 03 Late 2022"]
[White "Perez Rodriguez, Jennifer"]
[Black "Kalavannan, Koby"]
[WhiteFideId "3507831"]
[BlackFideId "425753"]
[WhiteElo "2170"]
[BlackElo "1927"]
[Result "1-0"]
[Round "03"]
[TimeControl "180+1"]
[Date "2022.05.03"]
[WhiteClock "0:00:34"]
[BlackClock "0:00:05"]

1. e4 c5 2. c3 Nf6 3. e5 Nd5 4. Nf3 Nc6 5. d4 cxd4 6. cxd4 d6 7. Bc4 Nb6 8. Bxf7+ Kxf7 9. e6+ Kxe6 10. Ng5+ Kd7 11. d5 Ne5 12. Ne6 Qe8 13. Nc3 Qg6 14. O-O h5 15. f4 Ng4 16. f5 Qf6 17. Bg5 Qe5 18. Bf4 Qf6 19. Qe2 a6 20. Rac1 g6 21. fxg6 Qxg6 22. Bxd6 Bh6 23. Bf4 Bxf4 24. Nxf4 Qd6 25. h3 Nf6 26. Qd3 Rg8 27. Qf5+ Ke8 28. Ne6 Qg3 29. Rc2 Bxe6 30. Qxe6 Nbd7 31. Re2 Qd6 32. Qxd6 Rxg2+ 33. Kxg2 1-0


[Site "https://www.chess.com"]

[Event "Titled Tuesday Blitz May 03 Late 2022"]
[White "Pesotskiy, Mikhail"]
[Black "Bordi, Kevin"]
[WhiteFideId "34164453"]
[BlackFideId "621862"]
[WhiteElo "2010"]
[BlackElo "2644"]
[Result "0-1"]
[Round "03"]
[TimeControl "180+1"]
[Date "2022.05.03"]
[WhiteClock "0:01:54"]
[BlackClock "0:02:50"]

1. d4 Nf6 2. c4 c5 3. d5 b5 4. cxb5 d6 5. Nc3 g6 6. Nf3 Bg7 7. e4 O-O 8. Be2 a6 9. bxa6 Bxa6 10. O-O Bxe2 11. Qxe2 Na6 12. Rd1 Qb6 13. e5 dxe5 14. Nxe5 Nb4 15. Nc6 Nxc6 16. dxc6 Qxc6 17. Qxe7 Rfe8 18. Qd6 Qxd6 19. Rxd6 Re1# 0-1


[Site "https://www.chess.com"]

[Event "Titled Tuesday Blitz May 03 Late 2022"]
[White "Petrova, Irina"]
[Black "Senthilkumar, Pranav"]
[WhiteFideId "14124122"]
[BlackFideId "2083477"]
[WhiteElo "1993"]
[BlackElo "2444"]
[Result "1/2-1/2"]
[Round "03"]
[TimeControl "180+1"]
[Date "2022.05.03"]
[WhiteClock "0:00:16"]
[BlackClock "0:00:26"]

1. e4 c5 2. Nf3 e6 3. b3 b6 4. Bd3 Bb7 5. O-O Nf6 6. Re1 d6 7. Bb2 Be7 8. c3 O-O 9. Bc2 d5 10. e5 Ne4 11. d3 Ng5 12. Nbd2 Nxf3+ 13. Nxf3 Na6 14. a3 c4 15. d4 cxb3 16. Bxb3 Rc8 17. Bc2 Nb8 18. Qd3 g6 19. Bc1 Nc6 20. Bh6 Re8 21. Qd2 Na5 22. Qd3 Qc7 23. Bd2 Nc4 24. Ba4 Bc6 25. Bxc6 Qxc6 26. a4 Nxd2 27. Qxd2 Qxc3 28. Qf4 Rc4 29. Rec1 Qb3 30. Rcb1 Qd3 31. Rd1 Qe2 32. Re1 Qc2 33. Rec1 Qf5 34. Qxf5 gxf5 35. Rxc4 dxc4 36. Rc1 Rc8 37. Rc2 Bb4 38. Kf1 c3 39. Ke2 Rc4 40. Kd3 Rc8 41. Ng1 a6 42. Ne2 b5 43. axb5 axb5 44. Nxc3 Bxc3 45. Rxc3 Ra8 46. Rb3 Ra2 47. Ke3 Ra5 48. d5 exd5 49. Kd4 Ra2 50. Ke3 d4+ 51. Kf3 Ra5 52. Kf4 Kg7 53. Kxf5 Ra2 54. Ke4 Rxf2 55. Rg3+ Kf8 56. Kxd4 Rc2 57. h3 Rc8 58. Rb3 Rc2 59. g4 Rh2 60. Kd5 Kg7 61. Rxb5 Rxh3 62. Ke4 Rg3 63. Kf4 Rg1 64. Rb6 Rf1+ 65. Kg5 Re1 66. Kf5 h6 67. Kf4 Re2 68. Kf5 Rg2 69. Kf4 Rf2+ 70. Ke3 Rf1 71. Ke4 Rh1 72. Kf4 Rh4 73. Kg3 Rh1 74. Kf4 Re1 75. Kf5 Re2 76. Kf4 Ra2 77. Kf5 Ra5 78. Kf4 Ra8 79. Kf5 Rh8 80. Kf4 h5 81. gxh5 Rxh5 82. Ke4 Kf8 83. Kf4 Ke7 84. Rb7+ Ke6 85. Rb6+ Ke7 86. Rb7+ Kf8 87. Rb8+ Kg7 88. Rb6 Rh1 89. Kf5 Rf1+ 90. Ke4 Re1+ 91. Kf5 Rf1+ 92. Ke4 Kf8 93. Kd5 Ke7 94. Rb7+ Ke8 95. Rb8+ Ke7 96. Rb7+ Kf8 97. Rb8+ Kg7 98. Rb6 Rf5 99. Ke4 Rh5 100. Kf4 Rh4+ 101. Kf5 Rh1 102. Kf4 Rf1+ 103. Ke4 1/2-1/2


[Site "https://www.chess.com"]

[Event "Titled Tuesday Blitz May 03 Late 2022"]
[White "Petrovic, Aleksa"]
[Black "Koellner, Ruben Gideon"]
[WhiteFideId "967629"]
[BlackFideId "12993093"]
[WhiteElo "2198"]
[BlackElo "2614"]
[Result "0-1"]
[Round "03"]
[TimeControl "180+1"]
[Date "2022.05.03"]
[WhiteClock "0:01:07"]
[BlackClock "0:02:12"]

1. d4 d6 2. Nf3 Nf6 3. c4 g6 4. Nc3 Bf5 5. Nh4 Bd7 6. e4 e5 7. d5 Nxe4 8. Nxe4 Qxh4 9. Bd3 h6 10. O-O Bg7 11. f4 f5 12. g3 Qe7 13. Nc3 e4 14. Be2 Na6 15. Be3 Nc5 16. Bd4 a5 17. b3 O-O 18. a3 Bxd4+ 0-1


[Site "https://www.chess.com"]

[Event "Titled Tuesday Blitz May 03 Late 2022"]
[White "Piliczewski, Bogusz"]
[Black "Smail, Benedict"]
[WhiteFideId "1104144"]
[BlackFideId "2050480"]
[WhiteElo "1896"]
[BlackElo "2070"]
[Result "0-1"]
[Round "03"]
[TimeControl "180+1"]
[Date "2022.05.03"]
[WhiteClock "0:00:02"]
[BlackClock "0:00:15"]

1. d4 Nf6 2. Nf3 d5 3. c4 c6 4. e3 g6 5. Bd3 Bg7 6. O-O O-O 7. Nbd2 b6 8. b3 Ba6 9. Bb2 Nbd7 10. Qe2 e6 11. Rac1 Rc8 12. Ne5 Nxe5 13. dxe5 Nd7 14. f4 Qe7 15. Rc2 Nc5 16. Ba3 Qd8 17. Bxc5 bxc5 18. Rfc1 d4 19. Ne4 Qb6 20. exd4 cxd4 21. c5 Bxd3 22. Qxd3 Qa5 23. Nd6 Rb8 24. Qxd4 Rb4 25. Qf2 Bh6 26. g3 Bg7 27. Nc4 Qc7 28. Rd2 Rbb8 29. Rcd1 Rfd8 30. Rxd8+ Rxd8 31. Rxd8+ Qxd8 32. Qd2 Qc8 33. Qd6 Bf8 34. Qd4 Qa6 35. a4 Qb7 36. Qe3 Qb4 37. Nd6 Be7 38. h4 h5 39. Kh2 Qa3 40. Kh3 Qa1 41. Kh2 Qb2+ 42. Kh3 Qc2 43. Nc8 Bf8 44. b4 Qxa4 45. Qc3 Qd1 0-1


[Site "https://www.chess.com"]

[Event "Titled Tuesday Blitz May 03 Late 2022"]
[White "Prieto Aranguren, Alain"]
[Black "Bifulco, Michel"]
[WhiteFideId "2268906"]
[BlackFideId "828580"]
[WhiteElo "2235"]
[BlackElo "2165"]
[Result "1/2-1/2"]
[Round "03"]
[TimeControl "180+1"]
[Date "2022.05.03"]
[WhiteClock "0:01:07"]
[BlackClock "0:00:44"]

1. d4 Nf6 2. Bg5 d5 3. e3 Ne4 4. Bf4 c5 5. c3 Nc6 6. Nf3 Qb6 7. Qb3 e6 8. Bd3 Bd6 9. Bxd6 Nxd6 10. dxc5 Qxc5 11. Nbd2 O-O 12. O-O Bd7 13. e4 dxe4 14. Nxe4 Nxe4 15. Bxe4 b6 16. Rad1 Rad8 17. Rd2 Ne5 18. Rfd1 Nxf3+ 19. Bxf3 Qc7 20. Qa3 Bc6 21. Rxd8 Rxd8 22. Rxd8+ Qxd8 23. Qxa7 Bxf3 24. gxf3 Qg5+ 25. Kf1 Qc1+ 26. Kg2 Qg5+ 27. Kh3 Qf5+ 28. Kg3 Qg5+ 29. Kh3 Qf5+ 30. Kg2 Qg5+ 31. Kf1 Qc1+ 32. Kg2 Qg5+ 1/2-1/2


[Site "https://www.chess.com"]

[Event "Titled Tuesday Blitz May 03 Late 2022"]
[White "Prohorov, Olexandr"]
[Black "Herrera Reyes, Jose Antonio"]
[WhiteFideId "14105578"]
[BlackFideId "2274914"]
[WhiteElo "1993"]
[BlackElo "2361"]
[Result "0-1"]
[Round "03"]
[TimeControl "180+1"]
[Date "2022.05.03"]
[WhiteClock "0:00:15"]
[BlackClock "0:00:34"]

1. Nf3 Nf6 2. d4 c5 3. d5 g6 4. c4 b5 5. cxb5 a6 6. b6 Bg7 7. Nc3 O-O 8. e4 Qxb6 9. Nd2 e6 10. Nc4 Qb4 11. a3 Qb7 12. Bf4 exd5 13. exd5 d6 14. Be2 Nbd7 15. O-O Ne5 16. Nxd6 Qe7 17. Nc4 Nfd7 18. Re1 Qf6 19. Bg3 Bb7 20. Na5 Rab8 21. Ne4 Qd8 22. Nxb7 Rxb7 23. f4 Rxb2 24. fxe5 Nxe5 25. Nxc5 h5 26. Rc1 h4 27. Bf4 h3 28. g3 Qa5 29. d6 Rd8 30. Qd5 Nd7 31. Bg5 Re8 0-1


[Site "https://www.chess.com"]

[Event "Titled Tuesday Blitz May 03 Late 2022"]
[White "Quesada Perez, Yuniesky"]
[Black "Janaszak, Dawid"]
[WhiteFideId "3504409"]
[BlackFideId "1119206"]
[WhiteElo "2622"]
[BlackElo "2199"]
[Result "1/2-1/2"]
[Round "03"]
[TimeControl "180+1"]
[Date "2022.05.03"]
[WhiteClock "0:00:16"]
[BlackClock "0:00:36"]

1. e4 c5 2. Nf3 Nc6 3. Bb5 d6 4. O-O Bd7 5. c3 Nf6 6. Re1 a6 7. Bf1 Bg4 8. d4 cxd4 9. cxd4 d5 10. e5 Ne4 11. Be3 e6 12. Nc3 Be7 13. h3 Bh5 14. Bd3 Nxc3 15. bxc3 O-O 16. Rb1 Na5 17. Qc2 Bg6 18. Nd2 Rc8 19. Bxg6 fxg6 20. Qd3 Qd7 21. Rb6 Rc6 22. Rxc6 Qxc6 23. Nb3 Nc4 24. Rb1 Rc8 25. Nd2 Nxe3 26. fxe3 Qxc3 27. Qxc3 Rxc3 28. Rxb7 Bg5 29. Nf1 Bxe3+ 30. Nxe3 Rxe3 31. Re7 Re4 32. Rxe6 Rxd4 33. Rxa6 Kf7 34. Ra7+ Ke6 35. Rxg7 Ra4 36. Rxh7 Rxa2 37. Rg7 d4 38. Rxg6+ Kxe5 39. Rg8 d3 40. Rd8 Ke4 41. h4 d2 42. Kh2 Ke3 43. Re8+ Kf2 44. Rf8+ Ke3 45. Re8+ Kf2 46. Rf8+ Ke3 47. Re8+ 1/2-1/2


[Site "https://www.chess.com"]

[Event "Titled Tuesday Blitz May 03 Late 2022"]
[White "Remizov, Yaroslav"]
[Black "Hamley, Ryan"]
[WhiteFideId "34134015"]
[BlackFideId "30959497"]
[WhiteElo "2386"]
[BlackElo "2511"]
[Result "0-1"]
[Round "03"]
[TimeControl "180+1"]
[Date "2022.05.03"]
[WhiteClock "0:00:02"]
[BlackClock "0:00:31"]

1. Nf3 g6 2. h4 h5 3. d4 Bg7 4. e4 c6 5. c4 d6 6. Nc3 Bg4 7. Be3 Nd7 8. Be2 e5 9. Qd2 Ngf6 10. O-O-O O-O 11. Ng5 Bxe2 12. Qxe2 Ng4 13. d5 Nxe3 14. fxe3 cxd5 15. Nxd5 Rc8 16. g4 hxg4 17. Qxg4 Nf6 18. Qxc8 Qxc8 19. Ne7+ Kh8 20. Nxc8 Rxc8 21. Nxf7+ Kh7 22. Nxd6 Rc6 23. b3 Bf8 24. Rhf1 Bxd6 25. Kc2 Kg7 26. Rg1 Bc5 27. Rd3 Rc7 28. Rg5 Re7 29. Rg2 Kf7 30. Rf2 Ke6 31. Rg2 Kf7 32. Rf2 Kg7 33. Rg2 Kh6 34. Rd8 Bxe3 35. Rh8+ Kg7 36. Rb8 Rd7 37. a4 Bd4 38. a5 a6 39. b4 Kh7 40. Re2 Ng4 41. b5 Rc7 42. Kb3 Ne3 43. b6 Rd7 0-1


[Site "https://www.chess.com"]